 Dungeon Crawl Stone Soup version 0.30.0 (webtiles) character file.

Game seed: 4520609460810925150

47 Geeful the Magician (level 3, -3/28 HPs)
             Began as a Ghoul Hedge Wizard on May 15, 2023.
             Slain by a gnoll
             ... wielding a +0 spear
              (6 damage)
             ... on level 3 of the Dungeon.
             The game lasted 00:03:38 (1658 turns).

Geeful the Magician (Ghoul Hedge Wizard)            Turns: 1658, Time: 00:03:38

Health: -3/28      AC: 11    Str: 13    XL:     3   Next: 70%
Magic:  6/6        EV:  6    Int:  9    God:
Gold:   118        SH:  0    Dex: 10    Spells: 6/7 levels left

rFire   . .          .
                       - Unarmed
rCold   + . .        (no shield)
rNeg    + + +        m - +0 chain mail
rPois   ∞            k - +2 helmet
rElec   .            (no cloak)
rCorr   .            (no gloves)
SInv    .            (no boots)
Will    .....        (no amulet) Stlth
                     (no ring)
HPRegen 0.00/turn    (no ring)
MPRegen 0.10/turn

%: no passive effects
@: inhibited regen
A: claws 1, cold resistance 1, negative energy resistance 3, inhibited
regeneration, torment resistance 2, devour on kill
a: no special abilities


You were on level 3 of the Dungeon.
You visited 1 branch of the dungeon, and saw 3 of its levels.

You collected 118 gold pieces.

Inventory:

Missiles
 e - 6 poisoned darts
Armour
 b - a +0 robe
 k - a +2 helmet (worn)
 m - a +0 chain mail (worn)
Scrolls
 h - 3 scrolls of identify {unknown}
 i - a scroll of enchant armour {unknown}
 j - 2 scrolls of poison {unknown}
 l - a scroll of magic mapping {unknown}
Potions
 a - 2 potions of cancellation {unknown}
 c - a potion of mutation {unknown}
 d - a potion of magic
 f - a potion of might {unknown}
 g - 2 potions of heal wounds {unknown}
 n - a potion of brilliance {unknown}


   Skills:
 + Level 1.5 Fighting
 + Level 1.1 Armour
 + Level 2.3 Dodging
 - Level 2.1 Stealth
 + Level 1.5 Unarmed Combat
 - Level 2.6 Spellcasting
 - Level 0.7 Conjurations
 - Level 0.8 Summonings
 - Level 0.8 Translocations


You had 6 spell levels left.
You knew the following spells:

 Your Spells              Type           Power      Damage    Failure   Level
a - Magic Dart            Conj           8%         1d3       99%         1

Your spell library contained the following spells:

 Spells                   Type           Power      Damage    Failure   Level
 Slow                     Hex            4%         N/A       100%        1
 Blink                    Tloc           4%         N/A       100%        2
 Call Imp                 Summ           4%         N/A       100%        2
 Cigotuvi's Dreadful Rot  Necr/Pois/Air  2%         N/A       100%        2
 Mephitic Cloud           Conj/Pois/Air  1%         N/A       100%        3


Dungeon Overview and Level Annotations

Branches:
Dungeon (3/15)

Altars:


Innate Abilities, Weirdness & Mutations

You are immune to poison.
You have sharp fingernails.
Your flesh is cold resistant. (rC+)
You are immune to negative energy. (rN+++)
You do not regenerate when monsters are visible.
You are immune to unholy pain and torment.
You thrive by killing the living.


Message History

You scratch the gnoll.
The gnoll is almost dead.
The gnoll barely misses you.
You barely miss the gnoll.
The gnoll is almost dead.
The gnoll closely misses you.
You scratch the gnoll.
You kill the gnoll!
The gnoll hits you with a +0 spear.
Things that are here:
a +0 spear; a gnoll corpse You scratch the gnoll but do no damage.
The gnoll closely misses you.
You scratch the gnoll but do no damage. The gnoll hits you but does no damage.
You scratch the gnoll.
The gnoll is moderately wounded.
The gnoll hits you with a +0 spear.
You closely miss the gnoll.
The gnoll is moderately wounded.
The gnoll barely misses you.
You closely miss the gnoll.
The gnoll is moderately wounded.
The gnoll hits you with a +0 spear.
You barely miss the gnoll.
The gnoll is moderately wounded.
The gnoll hits you with a +0 spear.
You scratch the gnoll.
The gnoll is heavily wounded.
The gnoll hits you with a +0 spear!
* * * LOW HITPOINT WARNING * * *
You scratch the gnoll.
The gnoll is severely wounded.
The gnoll hits you with a +0 spear.
* * * LOW HITPOINT WARNING * * *
You barely miss the gnoll.
The gnoll is severely wounded.
The gnoll hits you but does no damage.
You scratch the gnoll but do no damage.
The gnoll is severely wounded.
The gnoll hits you with a +0 spear.
You die...

#...... #......
..... ... #######
##.###.....# ###
+..........# #<#
##.........# #.#
#..#......####.#
#.........g@...#
.....#.#...######
......#.#.###
#.#.........
.....#.###### ..


You could see a gnoll.

Vanquished Creatures
  A gnoll (D:3)
  A worm (D:2)
  A dart slug (D:2)
  5 bats
  3 endoplasms (D:1)
  A giant cockroach (D:1)
  5 goblins
  4 hobgoblins
  2 quokkas (D:1)
  3 ball pythons
  2 frilled lizards (D:1)
  A kobold (D:1)
  2 rats (D:1)
31 creatures vanquished.

Notes
Turn   | Place    | Note
-------+----------+-------------------------------------------
     0 | D:1      | Geeful the Ghoul Hedge Wizard began the quest for the Orb.
     0 | D:1      | Reached XP level 1. HP: 14/14 MP: 3/3
   259 | D:1      | Reached XP level 2. HP: 21/22 MP: 4/4
   441 | D:1      | Reached skill level 1 in Fighting
   441 | D:1      | Reached skill level 1 in Unarmed Combat
   867 | D:2      | Found a faded altar of an unknown god.
   928 | D:2      | Reached XP level 3. HP: 27/28 MP: 6/6
   994 | D:2      | Reached skill level 1 in Armour
  1658 | D:3      | Slain by a gnoll

Illustrated notes

Levels and vault maps discovered:
D:1:      sevenhm_arrival_forest_fort_large_4, layout_loops_ring
D:2:      layout_basic, basic_ecumenical_altar, chequers_decorated_corner
D:3:      layout_basic, grunt_temple_overflow_open, corexii_hall_statues_t

Skill      XL: |  1  2  3 |
---------------+----------+-----
Dodging        | 2 |  2.3
Fighting       | 1 |  1.5
Unarmed Combat | 1 |  1.5
Armour         | 1 |  1.1
Stealth        | |  2.1
Spellcasting   | |  2.6
Conjurations   | |  0.7
Summonings     | |  0.8
Translocations | |  0.8

Action                     || total
---------------------------++-------
  Melee: Unarmed           ||   140
   Stab: Sleeping          ||     3
 Armour: Robe              ||    17
         Chain mail        ||    25
  Dodge: Dodged            ||    76
